 Dungeon Crawl Stone Soup version 0.20.1-1-g8b1a95d (webtiles) character file.

22733 tidbits the Martial Artist (level 12, -2/104 HPs)
             Began as a Demigod Transmuter on Aug 19, 2017.
             Slain by an orc warrior
             ... wielding a +3 glaive of chopping
             ... led by an orc warlord
              (27 damage)
             ... on level 1 of the Orcish Mines on Aug 20, 2017.
             The game lasted 01:29:13 (8083 turns).

tidbits the Martial Artist (Demigod Transmuter)     Turns: 8083, Time: 01:29:14

Health: -2/104     AC: 14    Str: 13    XL:     12   Next: 33%
Magic:  9/23       EV: 18    Int: 23    God:
Gold:   1096       SH:  0    Dex: 20    Spells: 6/21 levels left

rFire    . . .     SeeInvis .     - Unarmed
rCold    . . .     Gourm    .   (shield currently unavailable)
rNeg     . . .     Faith    .   B - +0 troll leather armour
rPois    .         Spirit   .   E - +2 helmet
rElec    .         Reflect  .   C - +2 cloak
rCorr    .         Harm     .   (gloves currently unavailable)
MR       ++...                  F - +2 pair of boots
Stlth    +++.......             R - amulet of regeneration
Regen    1.1/turn               H - ring of protection from magic
MPRegen  0.2/turn               D - ring of stealth

@: blade hands
A: fangs 1, rugged brown scales 1, agile 1, high mp 1, screaming 1
a: End Transformation


You were on level 1 of the Orcish Mines.
You were hungry.
You had blades for hands.
You visited 3 branches of the dungeon, and saw 17 of its levels.
You also visited: Ossuary and Bailey.

You collected 1186 gold pieces.
You spent 90 gold pieces at shops.

Inventory:

Hand Weapons
 g - a +0 blowgun
Missiles
 a - 67 tomahawks of returning (quivered)
 e - 36 arrows
 p - 4 curare-tipped needles
Armour
 l - a +2 robe of magic resistance
   (You took it off an orc sorcerer on level 1 of the Orcish Mines)
 y - a scarf of resistance
   (You found it on level 3 of the Dungeon)
 B - a +0 troll leather armour (worn)
 C - a +2 cloak (worn)
 E - a +2 helmet (worn)
 F - a +2 pair of boots (worn)
 G - a +0 pair of gloves (melded)
Jewellery
 D - a ring of stealth (right scythe-like blade)
   (You found it on level 13 of the Dungeon)
 H - a ring of protection from magic (left scythe-like blade)
   (You found it on level 4 of the Dungeon)
 K - an uncursed ring of resist corrosion
   (You found it on level 6 of the Dungeon)
 R - an amulet of regeneration (around neck)
   (You found it on level 1 of the Dungeon)
Wands
 j - a wand of disintegration (5/24)
 t - a wand of iceblast (11/15)
 u - a wand of enslavement (13/24)
 A - a wand of acid (7/15)
 I - a wand of lightning (6/15)
 L - a wand of lightning (5/15)
 S - a wand of iceblast (4/15)
 X - a wand of paralysis (17/24)
Scrolls
 h - 2 scrolls of teleportation
 m - 2 scrolls of magic mapping
 r - 7 scrolls of remove curse
 z - a scroll of fog
 J - 4 scrolls of recharging
 M - a scroll of immolation
 P - a scroll of vulnerability
Potions
 b - 6 potions of brilliance
 f - 5 potions of heal wounds
 i - 4 potions of magic {unknown}
 o - a potion of cancellation
 v - 2 potions of might
 w - a potion of agility
 x - 3 potions of mutation {!q}
 O - 4 potions of lignification
 Q - 2 potions of flight {unknown}
 T - a potion of haste {unknown}
 V - a potion of experience {unknown}
 W - 4 potions of curing
Books
 c - a book of Changes

   Spells                             Type                      Level
   a - Beastly Appendage              Transmutation                1
   b - Sticks to Snakes               Transmutation                2
   c - Spider Form                    Transmutation/Poison         3
   d - Ice Form                       Ice/Transmutation            4
   e - Blade Hands                    Transmutation                5
 Y - a book of Battle
   (You found it on level 10 of the Dungeon)

   Spells                             Type                      Level
   a - Infusion                       Charms                       1
   b - Shroud of Golubria             Charms/Translocation         2
   c - Song of Slaying                Charms                       2
   d - Spectral Weapon                Hexes/Charms                 3
   e - Regeneration                   Charms/Necromancy            3
Miscellaneous
 Z - a phantom mirror
Comestibles
 d - 8 bread rations
 k - 4 chunks of flesh


   Skills:
 + Level 7.9 Fighting
 + Level 8.2 Dodging
 * Level 12.4 Unarmed Combat
 - Level 5.2 Spellcasting
 - Level 3.1 Charms
 - Level 3.1 Necromancy
 - Level 8.0 Transmutations


You had 6 spell levels left.
You knew the following spells:

 Your Spells              Type           Power        Failure   Level  Hunger
g - Shroud of Golubria    Chrm/Tloc      ##........   45%         2    None
h - Blade Hands           Tmut           #####.....   50%         5    #####..
k - Sticks to Snakes      Tmut           #####...     13%         2    None
p - Spider Form           Tmut/Pois      ###.......   38%         3    ##.....
r - Regeneration          Chrm/Necr      ###.......   45%         3    ##.....


Dungeon Overview and Level Annotations

Branches:
Dungeon (13/15)              Lair (2/6) D:10         Spider (0/4) Lair:2
    Orc (2/2) D:12            Elf (0/3) Orc:2
 Temple: D:4-7        Swamp: Lair:2-4    Shoals: Lair:2-4    Vaults: D:13-14

Shops:
D:5 }   D:9 *

Annotations:
D:4 Dowan, Duvessa, Menkaure
D:7 Pikel


Innate Abilities, Weirdness & Mutations

You have an increased reservoir of magic. (+10% MP)
You have very sharp teeth.
You are partially covered in rugged brown scales. (AC +1, +3% HP)
You are agile. (Dex +2)
You occasionally shout uncontrollably at your foes.


Message History

The gnoll is severely wounded.
Your adder barely misses the gnoll.
Your adder bites the gnoll.
The gnoll dies!
An orc warrior comes into view. It is wielding a scimitar.
The gnoll barely misses you.
The orc warlord hits you with a glaive!!
The orc warrior moves out of view.
Your adder bites the orc warlord but does no damage.
You see here a spear.
You slash the gnoll!
The gnoll is severely wounded.
Your adder barely misses the orc warlord.
The gnoll misses you. The orc warlord hits you with a glaive!
You slash the gnoll!
You kill the gnoll!
Your adder bites the orc warlord but does no damage.
The gnoll misses you.
You slash the orc warlord! Your bite misses the orc warlord.
The orc warlord is lightly wounded.
Your adder bites the orc warlord but does no damage.
The orc warlord roars a battlecry!
The orcs go into a battle-frenzy!
Your adder bites the orc warlord but does no damage.
The gnoll barely misses you. 3 orcs, an orc warrior and an orc priest come into view.
You slice the orc warlord!! Your bite misses the orc warlord.
The orc warlord is moderately wounded.
Your adder bites the orc warlord but does no damage.
The orc warlord hits your adder with a glaive!!!
Your adder dies!
The orc hits your adder with a war axe!
Your adder dies!
The orc moves out of view.
You barely miss the orc warlord.
The orc warlord is moderately wounded.
Your adder bites the orc warlord but does no damage. x2
The gnoll completely misses you.
The orc priest invokes the aid of Beogh against you.
Beogh smites you!
You barely miss the orc warlord.
The orc warlord is moderately wounded.
The orc warlord hits your adder with a glaive!
Your adder dies!
Your adder bites the orc warlord.
The gnoll hits you from afar with a halberd.
You slice the orc warlord!!
You slash the orc warlord, but do no damage.
Your bite misses the orc warlord.
The orc warlord is heavily wounded.
Your hands revert to their normal proportions.
Your +0 pair of gloves unmelds from your body.
You hear a shout! x2
The orc hits your adder.
Your adder bites the orc warlord but does no damage.
The orc warlord roars a battlecry!
The orcs go into a battle-frenzy!
Casting: Blade Hands
Confirm with . or Enter, or press ? or * to list all spells.
Your hands turn into razor-sharp scythe blades.
Your +0 pair of gloves melds into your body.
Your adder bites the orc warlord but does no damage.
Your adder closely misses the orc warlord.
The gnoll hits you from afar with a halberd!
* * * LOW HITPOINT WARNING * * *
The orc misses your adder.
Your adder bites the orc warlord but does no damage.
The orc warlord hits your adder with a glaive!!
Your adder dies!
You slice the orc warlord!!
The orc warlord is severely wounded.
Your adder bites the orc warlord but does no damage.
The orc priest looks braver for a moment.
The gnoll misses you.
An orc sorcerer comes into view. It is wielding a dagger.
You slice the orc warlord!!
The orc warlord is almost dead.
Your adder barely misses the orc warlord.
The orc barely misses your adder.
The orc warlord hits you but does no damage.
The orc barely misses you.
You slice the orc warlord!!
You kill the orc warlord!
Your adder barely misses the orc.
The orc sorcerer casts a spell.
The orc warrior hits your adder with a scimitar!
Your adder dies!
The gnoll barely misses you.
You hear a shout!
An orc and 2 orc warriors come into view.
An orc warrior is wielding a glaive of chopping.
An orc warrior is wielding a battleaxe of venom.
The orc warrior hits you with a glaive of chopping!
* * * LOW HITPOINT WARNING * * *
x2 The gnoll hits you with a halberd.
* * * LOW HITPOINT WARNING * * *
The orc priest barely misses you.
Things that are here:
a spear; 9 gold pieces
Okay, then.
The orc warrior hits you from afar with a glaive of chopping!!
You die...

##....# ####.#.
#.....#### ##.#....
#.....#.## ##...#...
#........####........
###ooo.....##.....#...
##...4#oo..#...........
#...o#oo..o.....)).....
##.##og..........)))..>
####.@................
##.#............)..
###...#.#....#....
##..#...#.##...#
#........##....#
##......##......
####..####.#.## ####
#####


You could see an orange demon, an orc sorcerer, 4 orc warriors, an orc priest, a
gnoll and 2 orcs.

Vanquished Creatures
  An orc warlord (Orc:1)
  The ghost of aspa the Eclecticist, a journeyman OpWz of Sif Muna (Orc:2)
  The ghost of happinesssam the Carver, a journeyman DrGl of Okawaru (Lair:1)
  Erica (D:8)
  A two-headed ogre (D:12)
  An orc high priest (Orc:2)
  An unseen horror (D:10)
  An unseen horror (shapeshifter) (D:12)
  3 orc sorcerers
  An ugly thing (D:12)
  3 cyclopes
  A manticore (D:10)
  Maurice (D:9)
  A gargoyle (D:11)
  Psyche (D:8)
  3 spiny frogs
  A komodo dragon (Lair:1)
  A freezing wraith (D:11)
  2 trolls (D:12)
  2 hornets
  A wraith (D:12)
  2 wyverns
  Eustachio (D:4)
  A hungry ghost (D:9)
  A tarantella (Lair:2)
  3 yaks (Lair:2)
  Grum (D:10)
  5 wargs
  A soldier ant (D:12)
  6 water moccasins
  4 porcupines
  2 phantoms
  14 orc warriors
  3 slaves (D:7)
  A black bear (D:9)
  An eye of draining (D:9)
  2 sky beasts
  4 ice beasts
  4 ogres
  A necrophage (D:8)
  2 centaurs (D:11)
  2 wolves (D:10)
  2 crocodiles
  2 big kobolds
  6 bullfrogs
  Blork the orc (D:4)
  A wyvern zombie (D:11)
  A wyvern skeleton (D:6)
  19 killer bees
  3 scorpions
  A water moccasin skeleton (D:9)
  5 wights (D:10)
  An electric eel (D:12)
  3 howler monkeys
  2 crimson imps
  6 hounds
  2 bullfrog skeletons
  13 orc priests
  Crazy Yiuf (D:5)
  4 centaur zombies
  2 jellies
  14 worker ants
  Natasha (D:2)
  3 iguanas
  12 orc wizards
  An ogre zombie (Ossuary)
  5 mummies (Ossuary)
  4 adders
  15 gnolls
  A shadow imp (D:12)
  An ooze (D:1)
  3 adder zombies
  A dart slug (D:1)
  3 leopard geckos
  49 orcs
  2 bats
  2 goblins (D:1)
  15 hobgoblins
  3 jackals (D:3)
  5 quokkas
  6 frilled lizards
  A goblin zombie (Ossuary)
  3 hobgoblin zombies (Ossuary)
  19 kobolds
  2 kobold zombies (Ossuary)
  A leopard gecko skeleton (D:4)
  4 leopard gecko zombies
  2 orc zombies (Ossuary)
  3 quokka skeletons
  3 quokka zombies (Ossuary)
  3 rats
  A rat zombie (Ossuary)
353 creatures vanquished.

Vanquished Creatures (collateral kills)
  A centaur zombie (Ossuary)
  An ogre zombie (Ossuary)
  2 mummies (Ossuary)
  2 gnolls
  2 adders
  3 orcs
  A jackal (D:3)
  2 kobold zombies (Ossuary)
  A rat (D:2)
15 creatures vanquished.

Vanquished Creatures (others)
  An orc (D:9)
  A plant (D:10)
2 creatures vanquished.

Grand Total: 370 creatures vanquished

Notes
Turn   | Place    | Note
-------+----------+-------------------------------------------
     0 | D:1      | tidbits the Demigod Transmuter began the quest for the Orb.
     0 | D:1      | Reached XP level 1. HP: 15/15 MP: 5/5
    92 | D:1      | Reached skill level 3 in Unarmed Combat
   148 | D:1      | Reached XP level 2. HP: 20/22 MP: 5/7
   155 | D:1      | Learned a level 2 spell: Sticks to Snakes
   222 | D:2      | Found a white marble altar of Elyvilon.
   618 | D:2      | Noticed Natasha
   657 | D:2      | Killed Natasha
   657 | D:2      | Reached skill level 4 in Unarmed Combat
   657 | D:2      | Reached XP level 3. HP: 22/27 MP: 4/8
   746 | D:2      | Reached skill level 2 in Spellcasting
   751 | D:2      | Learned a level 3 spell: Spider Form
   909 | D:3      | Reached XP level 4. HP: 20/34 MP: 4/10
  1068 | D:4      | Noticed Eustachio
  1130 | D:3      | Reached skill level 2 in Transmutations
  1221 | D:4      | Killed Eustachio
  1221 | D:4      | Reached skill level 4 in Transmutations
  1221 | D:4      | Reached XP level 5. HP: 25/39 MP: 3/11
  1331 | D:4      | Noticed Blork the orc
  1397 | D:5      | Entered Level 5 of the Dungeon
  1399 | D:5      | Found Jyth's Gadget Shoppe.
  1465 | D:5      | Found a sand-covered staircase.
  1485 | Ossuary  | Entered an ossuary
  1565 | Ossuary  | Reached XP level 6. HP: 20/46 MP: 1/13
  1636 | Ossuary  | Reached skill level 5 in Unarmed Combat
  1946 | D:4      | Killed Blork the orc
  2096 | D:4      | Noticed Dowan
  2097 | D:4      | Noticed Duvessa
  2097 | D:4      | Noticed Menkaure
  2178 | D:5      | Reached skill level 6 in Unarmed Combat
  2244 | D:5      | Reached skill level 1 in Fighting
  2244 | D:5      | Reached XP level 7. HP: 46/52 MP: 7/14
  2274 | D:5      | Found a runed door.
  2279 | D:5      | Noticed Crazy Yiuf
  2285 | D:5      | Killed Crazy Yiuf
  2319 | D:5      | Reached skill level 2 in Dodging
  2555 | D:6      | Got a translucent large shield
  2563 | D:6      | Identified the +7 large shield "Kyprar" {*Slow rElec rPois Str+10} (You found it on level 6 of the Dungeon)
  2685 | D:6      | Reached skill level 2 in Fighting
  2713 | D:6      | HP: 1/55 [orc warrior/halberd (23)]
  2715 | D:6      | Reached skill level 7 in Unarmed Combat
  2778 | D:7      | Reached skill level 3 in Dodging
  2808 | D:7      | Reached XP level 8. HP: 28/62 MP: 7/15
  2916 | D:6      | Reached skill level 3 in Fighting
  3305 | D:7      | Noticed Pikel
  3363 | D:7      | Reached skill level 4 in Dodging
  3363 | D:7      | Reached skill level 8 in Unarmed Combat
  3757 | D:8      | Noticed Erica
  3769 | D:8      | Killed Erica
  3769 | D:8      | Reached skill level 4 in Fighting
  3769 | D:8      | Reached skill level 9 in Unarmed Combat
  3769 | D:8      | Reached XP level 9. HP: 43/72 MP: 6/16
  3776 | D:8      | Got a distressingly furry chain mail
  3813 | D:8      | Reached skill level 5 in Dodging
  3849 | D:8      | Noticed Psyche
  3863 | D:8      | Killed Psyche
  4038 | D:9      | Reached skill level 5 in Fighting
  4080 | D:9      | Noticed Maurice
  4129 | D:9      | Killed Maurice
  4162 | D:9      | Reached skill level 10 in Unarmed Combat
  4191 | D:9      | Noticed a cyclops
  4741 | D:9      | Reached skill level 6 in Dodging
  4750 | D:9      | Killed a cyclops
  4750 | D:9      | Reached XP level 10. HP: 79/83 MP: 9/17
  4766 | D:9      | Found Wil Sago's Assorted Antiques.
  4782 | D:9      | Bought a fizzy coppery potion for 30 gold pieces
  4782 | D:9      | Bought a blue potion for 30 gold pieces
  4782 | D:9      | Bought a silvery potion for 30 gold pieces
  4811 | D:9      | Reached skill level 6 in Fighting
  4850 | D:10     | Entered Level 10 of the Dungeon
  4863 | D:10     | Found a flagged portal.
  5026 | Bailey   | Entered a bailey
  5278 | D:10     | Learned a level 5 spell: Blade Hands
  5326 | D:10     | Noticed a manticore
  5340 | D:10     | Killed a manticore
  5386 | D:11     | Reached skill level 5 in Transmutations
  5398 | D:11     | HP: 8/83 [gargoyle/flail (11)]
  5402 | D:11     | Reached skill level 6 in Transmutations
  5524 | D:10     | Killed an unseen horror
  5524 | D:10     | Reached skill level 7 in Transmutations
  5730 | D:10     | Noticed Grum
  5756 | D:10     | Killed Grum
  5791 | D:10     | Reached skill level 8 in Transmutations
  5792 | D:10     | Found a staircase to the Lair.
  5862 | Lair:1   | Entered Level 1 of the Lair of Beasts
  5904 | Lair:2   | Reached skill level 3 in Spellcasting
  5924 | Lair:2   | Reached skill level 4 in Spellcasting
  5924 | Lair:2   | Reached XP level 11. HP: 48/89 MP: 17/20
  5942 | Lair:2   | Learned a level 3 spell: Regeneration
  5945 | Lair:2   | Learned a level 2 spell: Shroud of Golubria
  6006 | Lair:2   | Reached skill level 1 in Charms
  6072 | Lair:2   | Got an encrusted quarterstaff
  6099 | Lair:2   | Found a hole to the Spider Nest.
  6103 | Lair:2   | Reached skill level 1 in Necromancy
  6246 | Lair:1   | Noticed happinesssam's ghost (journeyman DrGl)
  6256 | Lair:1   | Killed happinesssam's ghost
  6256 | Lair:1   | Reached skill level 2 in Charms
  6256 | Lair:1   | Reached skill level 2 in Necromancy
  6290 | Lair:1   | Reached skill level 5 in Spellcasting
  6639 | D:11     | Reached skill level 3 in Necromancy
  6647 | D:11     | Reached skill level 3 in Charms
  6954 | D:12     | Reached skill level 11 in Unarmed Combat
  7121 | D:13     | Reached skill level 7 in Dodging
  7184 | D:12     | Noticed a two-headed ogre
  7188 | D:12     | Killed a two-headed ogre
  7287 | D:11     | Reached skill level 7 in Fighting
  7514 | D:12     | Killed an unseen horror
  7541 | D:12     | Gained mutation: You occasionally shout uncontrollably at your foes. [potion of mutation]
  7541 | D:12     | Gained mutation: You are agile. (Dex +2) [potion of mutation]
  7541 | D:12     | Gained mutation: You are partially covered in rugged brown scales. (AC +1, +3% HP) [potion of mutation]
  7541 | D:12     | Gained mutation: You have very sharp teeth. [potion of mutation]
  7546 | D:12     | Found a staircase to the Orcish Mines.
  7566 | Orc:1    | Entered Level 1 of the Orcish Mines
  7632 | Orc:2    | Entered Level 2 of the Orcish Mines
  7670 | Orc:2    | Found a staircase to the Elven Halls.
  7693 | Orc:2    | Reached XP level 12. HP: 89/103 MP: 8/23
  7731 | Orc:2    | Found a roughly hewn altar of Beogh.
  7906 | Orc:2    | Noticed aspa's ghost (journeyman OpWz)
  7929 | Orc:2    | Killed aspa's ghost
  7929 | Orc:2    | Reached skill level 12 in Unarmed Combat
  7947 | Orc:2    | Found a roughly hewn altar of Beogh.
  8013 | Orc:1    | Reached skill level 8 in Dodging
  8049 | Orc:1    | Noticed an orc warlord
  8081 | Orc:1    | Killed an orc warlord
  8083 | Orc:1    | Slain by an orc warrior

Skill      XL: |  1  2  3  4  5  6  7  8  9 10 11 12 |
---------------+-------------------------------------+-----
Unarmed Combat | 3 4 6 7 9 10 11 12 | 12.4
Spellcasting   | 2 4 5 |  5.2
Transmutations | 4 8 |  8.0
Fighting       | 1 2 4 5 6 7 |  7.9
Dodging        | 3 4 6 7 8 |  8.2
Charms         | 3 |  3.1
Necromancy     | 3 |  3.1

Action                   |  1- 3 |  4- 6 |  7- 9 | 10-12 || total
-------------------------+-------+-------+-------+-------++-------
Melee: Unarmed           |    60 |   149 |   317 |   517 ||  1043
       Kick              |     4 |       |       |       ||     4
       Headbutt          |     4 |       |       |       ||     4
       Punch             |     1 |     1 |       |    17 ||    19
       Bite              |       |       |       |     3 ||     3
Throw: Tomahawk          |       |       |       |     1 ||     1
 Cast: Beastly Appendage |    15 |       |       |       ||    15
       Sticks to Snakes  |     5 |    11 |    28 |     8 ||    52
       Spider Form       |     2 |    22 |    44 |    25 ||    93
       Blade Hands       |       |       |       |    42 ||    42
       Regeneration      |       |       |       |    15 ||    15
       Shroud of Golubri |       |       |       |    12 ||    12
 Abil: End Transformatio |       |     1 |     5 |     7 ||    13
Evoke: Wand              |       |     2 |    11 |     3 ||    16
  Use: Scroll            |       |     9 |     6 |    13 ||    28
       Potion            |       |       |     7 |     6 ||    13
 Stab: Distracted        |       |     3 |     8 |       ||    11
       Sleeping          |       |     3 |     2 |     2 ||     7
       Invisible         |       |       |     1 |       ||     1
  Eat: Chunk             |     1 |     4 |    12 |    27 ||    44
       Meat ration       |       |     1 |       |       ||     1
       Royal jelly       |       |       |     1 |     1 ||     2
       Fruit             |       |       |       |     1 ||     1
Armor: Robe              |     8 |    13 |     3 |    33 ||    57
       Skin              |     2 |     3 |    10 |     4 ||    19
       Troll leather arm |       |       |       |    28 ||    28
Dodge: Dodged            |    39 |   107 |   251 |   428 ||   825

Table legend:
 A = Turns spent in this place as a percentage of turns spent in the entire game.
 B = Non-inter-level travel turns spent in this place as a percentage of non-inter-level travel turns spent in the entire game.
 C = Inter-level travel turns spent in this place as a percentage of turns spent in this place.
 D = Turns resting spent in this place as a percentage of non-inter-level travel turns spent in this place.
 E = Turns spent auto-exploring this place as a percentage of non-inter-level travel turns spent in this place.
 F = Non-inter-level travel turns spent in this place divided by the number of levels of this place that you've seen.
                   A       B       C       D       E      F
               +-------+-------+-------+-------+-------+----------------------
         Total | 100.0 | 100.0 |   0.1 |   0.0 |   0.0 | 409.1
       Dungeon |  76.9 |  76.9 |   0.1 |   0.0 |   0.0 | 459.7
          Lair |   8.3 |   8.3 |   0.0 |   0.0 |   0.0 | 323.0
  Orcish Mines |   6.5 |   6.5 |   0.0 |   0.0 |   0.0 | 252.5
       Ossuary |   5.3 |   5.3 |   0.0 |   0.0 |   0.0 | 409.0
        Bailey |   3.0 |   3.0 |   0.0 |   0.0 |   0.0 | 237.0
               +-------+-------+-------+-------+-------+----------------------

Table legend:
 A = Kills in this place as a percentage of kills in entire the game.
 B = Kills by you in this place as a percentage of kills by you in the entire game.
 C = Kills by friends in this place as a percentage of kills by friends in the entire game.
 D = Other kills in this place as a percentage of other kills in the entire game.
 E = Experience gained in this place as a percentage of experience gained in the entire game.
 F = Experience gained in this place divided by the number of levels of this place that you have seen.
                   A       B       C       D       E      F
               +-------+-------+-------+-------+-------+----------------------
         Total | 100.0 | 100.0 | 100.0 |  -nan | 100.0 | 1709.3
       Dungeon |  65.2 |  65.7 |  53.3 |  -nan |  58.6 | 1463.7
          Lair |   6.8 |   7.1 |   0.0 |  -nan |  16.4 | 2668.5
  Orcish Mines |  11.0 |  11.1 |   6.7 |  -nan |  22.9 | 3720.0
       Ossuary |   7.7 |   6.3 |  40.0 |  -nan |   1.0 | 319.0
        Bailey |   9.3 |   9.7 |   0.0 |  -nan |   1.1 | 353.0
               +-------+-------+-------+-------+-------+----------------------

Vault maps used:
D:1:      dpeg_arrival_rooms_b
D:2:      elyvilon_altar_4, nicolae_overflow_hidden_temple, uniq_natasha
D:3:      lemuel_coloured_pillars_altar, nicolae_overflow_crystal_walls
D:4:      minmay_temple_entry_poolview, uniq_blork_the_orc, uniq_duvessa,
          uniq_eustachio, uniq_menkaure
D:5:      first_bread, serial_shops, shop, nicolae_ossuary_entry_ruins,
          roderic_aztec_sauvastika, uniq_crazy_yiuf_cottage
D:6:      minitemple
D:7:      uniq_pikel
D:8:      hangedman_ranch, uniq_erica, uniq_psyche
D:9:      serial_shops, shop, nrook_mini_vaults, nicolae_wwwww, uniq_maurice
D:10:     erik_lair_orcish_takeover, enter_bailey_2, uniq_grum
D:12:     david_orc_2, minmay_crystal_water
D:13:     serial_shops, nicolae_shop_behind_doors
Lair:1:   minivault_19, grunt_megastairs_4, serial_bayou_shore_b
Lair:2:   spider_nest_entry_rubble, grunt_megastairs_3, serial_bayou_shore_a
Orc:2:    grunt_orc_community_town_hall, grunt_orc_community_big_house_2,
          grunt_orc_community_big_house_2, grunt_orc_community_house_1,
          grunt_orc_community_house_1, grunt_orc_community_house_1,
          grunt_orc_community_house_1
Ossuary:  ossuary_boxes_badplayer
Bailey:   bailey_axe_2, bailey
